TOP OF THE 1ST |
Detroit Renaissance batting - Pitching for Hartford Whalers : RHP Glenn West
|
Pitching: RHP Glenn West
|
|
Batting: RHB Kyle Bywaters
|
0-0: Ball 1-0: Ball 2-0: Ball 3-0: Called Strike 3-1: Base on Balls
|
Batting: RHB Bernardo Herrera
|
0-0: Ball 1-0: Called Strike 1-1: Ball 2-1: Ball 3-1: Fly out, F8 (Flyball, 8LM)
|
Batting: LHB Gregory Johnson
|
0-0: Ball 1-0: Ball 2-0: Ball 3-0: Called Strike 3-1: SINGLE (Groundball, 4MD) Kyle Bywaters to second
|
Batting: LHB Juan González
|
0-0: Called Strike 0-1: Fly out, F8 (Flyball, 8RM)
|
Batting: LHB Mike Silver
|
0-0: Called Strike 0-1: Ball 1-1: Foul Ball, location: 2F 1-2: SINGLE (Line Drive, 9S) Kyle Bywaters to third Gregory Johnson to second Runner from 3rd tries for Home, SAFE, no throw or cutoff
|
Batting: RHB Lonnie Conrad
|
0-0: Foul Ball, location: 2F 0-1: Ball 1-1: Ball 2-1: Foul Ball, location: 2F 2-2: Foul Ball, location: 2F 2-2: Foul Ball, location: 2F 2-2: Fielders Choice at 2nd, U6 (Groundball, 6M)
|
Top of the 1st over - 1 run(s), 2 hit(s), 0 error(s), 2 left on base; Detroit 1 - Hartford 0 |
BOTTOM OF THE 1ST |
Hartford Whalers batting - Pitching for Detroit Renaissance : RHP Cris Mendoza
|
Pitching: RHP Cris Mendoza
|
|
Batting: RHB Dave O'Day
|
0-0: Fly out, F4 (Popup, 34)
|
Batting: RHB Javier Díaz
|
0-0: Ball 1-0: Ball 2-0: Foul Ball, location: 2F 2-1: Ball 3-1: Ground out 6-3 (Groundball, 6)
|
Batting: RHB Joe Craig
|
0-0: Ball 1-0: Foul Ball, location: 2F 1-1: Foul Ball, location: 2F 1-2: DOUBLE (Flyball, 78XD)
|
Batting: RHB Juan Tapia
|
0-0: Fly out, F9 (Flyball, 9M)
|
Bottom of the 1st over - 0 run(s), 1 hit(s), 0 error(s), 1 left on base; Detroit 1 - Hartford 0 |
TOP OF THE 2ND |
Detroit Renaissance batting - Pitching for Hartford Whalers : RHP Glenn West
|
Batting: LHB Luis Rodríguez
|
0-0: Ball 1-0: Ball 2-0: Called Strike 2-1: Foul Ball, location: 2F 2-2: Ball 3-2: Base on Balls
|
Batting: LHB Greg Robinson
|
0-0: Swinging Strike 0-1: Ball 1-1: Ball 2-1: Swinging Strike 2-2: Foul Ball, location: 2F 2-2: Foul Ball, location: 2F 2-2: Strikes out looking
|
Batting: RHB Eric D'Angle
|
0-0: Grounds into double play, 5-4-3 (Groundball, 56)
|
Top of the 2nd over - 0 run(s), 0 hit(s), 0 error(s), 0 left on base; Detroit 1 - Hartford 0 |
BOTTOM OF THE 2ND |
Hartford Whalers batting - Pitching for Detroit Renaissance : RHP Cris Mendoza
|
Batting: RHB Román Centena
|
0-0: Called Strike 0-1: Fly out, F8 (Line Drive, 8LM)
|
Batting: LHB Gerald Holloway
|
0-0: Called Strike 0-1: Foul Ball, location: 2F 0-2: Ball 1-2: Strikes out swinging
|
Batting: RHB Michael Collins
|
0-0: Ball 1-0: Ball 2-0: Swinging Strike 2-1: Ball 3-1: Ground out 4-3 (Groundball, 4)
|
Bottom of the 2nd over - 0 run(s), 0 hit(s), 0 error(s), 0 left on base; Detroit 1 - Hartford 0 |
TOP OF THE 3RD |
Detroit Renaissance batting - Pitching for Hartford Whalers : RHP Glenn West
|
Batting: RHB Kyle Bywaters
|
0-0: Ball 1-0: Ball 2-0: Swinging Strike 2-1: Foul Ball, location: 2F 2-2: Strikes out swinging
|
Batting: RHB Bernardo Herrera
|
0-0: Ball 1-0: Ball 2-0: Called Strike 2-1: Ground out 1-3 (Groundball, 13)
|
Batting: LHB Gregory Johnson
|
0-0: Ball 1-0: Foul Ball, location: 2F 1-1: Ball 2-1: Fly out, F9 (Flyball, 89M)
|
Top of the 3rd over - 0 run(s), 0 hit(s), 0 error(s), 0 left on base; Detroit 1 - Hartford 0 |
BOTTOM OF THE 3RD |
Hartford Whalers batting - Pitching for Detroit Renaissance : RHP Cris Mendoza
|
Batting: RHB Brent Burgess
|
0-0: Foul Ball, location: 2F 0-1: Foul Ball, location: 2F 0-2: Foul Ball, location: 2F 0-2: Ball 1-2: Ball 2-2: Ground out 4-3 (Groundball, 4)
|
Batting: RHB Dave Farr
|
0-0: Called Strike 0-1: Ball 1-1: Ball 2-1: Fly out, F3 (Popup, 3SF)
|
Batting: RHB Dave O'Day
|
0-0: Ground out 5-3 (Groundball, 56)
|
Bottom of the 3rd over - 0 run(s), 0 hit(s), 0 error(s), 0 left on base; Detroit 1 - Hartford 0 |
TOP OF THE 4TH |
Detroit Renaissance batting - Pitching for Hartford Whalers : RHP Glenn West
|
Batting: LHB Juan González
|
0-0: Called Strike 0-1: Ball 1-1: Ball 2-1: Foul Ball, location: 2F 2-2: Ball 3-2: SINGLE (Groundball, 34S)
|
Batting: LHB Mike Silver
|
0-0: Ball 1-0: Foul Ball, location: 2F 1-1: Foul Ball, location: 2F 1-2: Fielders Choice at 2nd, 1-6 (Groundball, 13S)
|
Batting: RHB Lonnie Conrad
|
0-0: Grounds into double play, 5-4-3 (Groundball, 56)
|
Top of the 4th over - 0 run(s), 1 hit(s), 0 error(s), 0 left on base; Detroit 1 - Hartford 0 |
BOTTOM OF THE 4TH |
Hartford Whalers batting - Pitching for Detroit Renaissance : RHP Cris Mendoza
|
Batting: RHB Javier Díaz
|
0-0: Swinging Strike 0-1: Swinging Strike 0-2: Strikes out looking
|
Batting: RHB Joe Craig
|
0-0: Foul Ball, location: 2F 0-1: Foul Ball, location: 2F 0-2: Strikes out swinging
|
Batting: RHB Juan Tapia
|
0-0: Foul Ball, location: 2F 0-1: Foul Ball, location: 2F 0-2: Foul Ball, location: 2F 0-2: Ball 1-2: Foul Ball, location: 2F 1-2: Ball 2-2: Ball 3-2: Foul Ball, location: 2F 3-2: Base on Balls
|
Batting: RHB Román Centena
|
0-0: Ball 1-0: Called Strike 1-1: Ball Wild Pitch! Juan Tapia to second 2-1: Foul Ball, location: 2F 2-2: Ball 3-2: Strikes out looking
|
Bottom of the 4th over - 0 run(s), 0 hit(s), 0 error(s), 1 left on base; Detroit 1 - Hartford 0 |
TOP OF THE 5TH |
Detroit Renaissance batting - Pitching for Hartford Whalers : RHP Glenn West
|
Batting: LHB Luis Rodríguez
|
0-0: Ball 1-0: Fly out, F4 (Line Drive, 4M)
|
Batting: LHB Greg Robinson
|
0-0: Fly out, F4 (Popup, 4)
|
Batting: RHB Eric D'Angle
|
0-0: Ball 1-0: Ball 2-0: Ball 3-0: Base on Balls
|
Batting: RHB Kyle Bywaters
|
0-0: Ball 1-0: SINGLE (Groundball, 56D) Eric D'Angle to second Runner from 2nd tries for 3rd, SAFE, no throw or cutoff
|
Batting: RHB Bernardo Herrera
|
0-0: Ball 1-0: SINGLE (Groundball, 5D) Eric D'Angle scores Kyle Bywaters to second
|
Batting: LHB Gregory Johnson
|
0-0: Called Strike 0-1: Ball 1-1: Ball 2-1: Ball 3-1: SINGLE (Line Drive, 4) Kyle Bywaters to third Bernardo Herrera to second Runner from 3rd tries for Home, SAFE, no throw or cutoff
|
Batting: LHB Juan González
|
0-0: Ball 1-0: Called Strike 1-1: Fly out, F5 (Popup, 5L)
|
Top of the 5th over - 2 run(s), 3 hit(s), 0 error(s), 2 left on base; Detroit 3 - Hartford 0 |
BOTTOM OF THE 5TH |
Hartford Whalers batting - Pitching for Detroit Renaissance : RHP Cris Mendoza
|
Batting: LHB Gerald Holloway
|
0-0: Called Strike 0-1: Called Strike 0-2: Ball 1-2: Ball 2-2: Foul Ball, location: 2F 2-2: Ball 3-2: Base on Balls
|
Batting: RHB Michael Collins
|
0-0: Bunted foul 0-1: Bunt - Flyout! F2
|
Batting: RHB Brent Burgess
|
0-0: Called Strike 0-1: Ball 1-1: Ball 2-1: Ball 3-1: Foul Ball, location: 2F 3-2: Ground out 5-3 (Groundball, 56) Gerald Holloway to second
|
Batting: RHB Dave Farr
|
0-0: Foul Ball, location: 2F 0-1: Ball 1-1: Swinging Strike 1-2: Strikes out swinging
|
Bottom of the 5th over - 0 run(s), 0 hit(s), 0 error(s), 1 left on base; Detroit 3 - Hartford 0 |
TOP OF THE 6TH |
Detroit Renaissance batting - Pitching for Hartford Whalers : RHP Glenn West
|
Batting: LHB Mike Silver
|
0-0: Called Strike 0-1: Ball 1-1: Foul Ball, location: 2F 1-2: Foul Ball, location: 2F 1-2: Ball 2-2: Ball 3-2: Base on Balls
|
Batting: RHB Lonnie Conrad
|
0-0: Ball Throwing error on steal attempt, E2 Mike Silver to third 1-0: Ball 2-0: Ball 3-0: Called Strike 3-1: 2-RUN HOME RUN (Flyball, 8LXD), Distance : 432 ft
|
Pitching: LHP Jason Hoskins
|
|
Batting: LHB Luis Rodríguez
|
0-0: Ball 1-0: Ball 2-0: Called Strike 2-1: Swinging Strike 2-2: Foul Ball, location: 2F 2-2: Ball 3-2: Ground out 4-3 (Groundball, 4M)
|
Batting: LHB Greg Robinson
|
0-0: Called Strike 0-1: Fly out, F7 (Flyball, 7M)
|
Batting: RHB Eric D'Angle
|
0-0: Fly out, F8 (Flyball, 8RXD)
|
Top of the 6th over - 2 run(s), 1 hit(s), 1 error(s), 0 left on base; Detroit 5 - Hartford 0 |
BOTTOM OF THE 6TH |
Hartford Whalers batting - Pitching for Detroit Renaissance : RHP Cris Mendoza
|
Batting: RHB Dave O'Day
|
0-0: Foul Ball, location: 2F 0-1: Called Strike 0-2: Foul Ball, location: 2F 0-2: Ball 1-2: Foul Ball, location: 2F 1-2: Ball 2-2: Strikes out swinging
|
Batting: RHB Javier Díaz
|
0-0: Ball 1-0: Ball 2-0: Fly out, F9 (Flyball, 89M)
|
Batting: RHB Joe Craig
|
0-0: Foul Ball, location: 2F 0-1: Ball 1-1: SINGLE (Line Drive, 8LS)
|
Batting: RHB Juan Tapia
|
0-0: Ball 1-0: Ball 2-0: Ball 3-0: Foul Ball, location: 2F 3-1: Called Strike 3-2: Strikes out looking
|
Bottom of the 6th over - 0 run(s), 1 hit(s), 0 error(s), 1 left on base; Detroit 5 - Hartford 0 |
TOP OF THE 7TH |
Detroit Renaissance batting - Pitching for Hartford Whalers : LHP Jason Hoskins
|
Batting: RHB Kyle Bywaters
|
0-0: Ball 1-0: Called Strike 1-1: Ball 2-1: Foul Ball, location: 2F 2-2: Ball 3-2: Foul Ball, location: 2F 3-2: SINGLE (Line Drive, 6MD)
|
Batting: RHB Bernardo Herrera
|
0-0: Called Strike 0-1: Ball 1-1: Sac Bunt - play at first, batter OUT! U3 Kyle Bywaters to second
|
Batting: LHB Gregory Johnson
|
0-0: Ball 1-0: SINGLE (Groundball, 4MD) Kyle Bywaters to third Runner from 3rd tries for Home, throw and OUT!
|
Batting: LHB Juan González
|
0-0: Called Strike 0-1: Ball 1-1: Called Strike 1-2: Ball 2-2: Ball 3-2: Strikes out looking
|
Top of the 7th over - 0 run(s), 2 hit(s), 0 error(s), 1 left on base; Detroit 5 - Hartford 0 |
BOTTOM OF THE 7TH |
Hartford Whalers batting - Pitching for Detroit Renaissance : RHP Cris Mendoza
|
Batting: RHB Román Centena
|
0-0: Foul Ball, location: 2F 0-1: Ground out 5-3 (Groundball, 56)
|
Batting: LHB Gerald Holloway
|
0-0: Swinging Strike 0-1: Called Strike 0-2: Ball 1-2: Ball 2-2: Ball 3-2: Strikes out swinging
|
Batting: RHB Michael Collins
|
0-0: Ball 1-0: Ball 2-0: Fly out, F9 (Flyball, 9D)
|
Bottom of the 7th over - 0 run(s), 0 hit(s), 0 error(s), 0 left on base; Detroit 5 - Hartford 0 |
TOP OF THE 8TH |
Detroit Renaissance batting - Pitching for Hartford Whalers : LHP Jason Hoskins
|
Batting: LHB Mike Silver
|
0-0: Ball 1-0: Foul Ball, location: 2F 1-1: Ground out 1-3 (Groundball, 15S)
|
Batting: RHB Lonnie Conrad
|
0-0: Called Strike 0-1: Ball 1-1: Ball 2-1: Called Strike 2-2: SINGLE (Line Drive, 78S)
|
Batting: LHB Luis Rodríguez
|
0-0: Ball 1-0: Foul Ball, location: 2F 1-1: Foul Ball, location: 2F 1-2: Grounds into double play, 1-6-3 (Groundball, 13S)
|
Top of the 8th over - 0 run(s), 1 hit(s), 0 error(s), 0 left on base; Detroit 5 - Hartford 0 |
BOTTOM OF THE 8TH |
Hartford Whalers batting - Pitching for Detroit Renaissance : RHP Cris Mendoza
|
Now at 1B: Harry Fuller
|
|
Batting: RHB Brent Burgess
|
0-0: Called Strike 0-1: Foul Ball, location: 2F 0-2: Ball 1-2: Ball 2-2: Ball 3-2: Foul Ball, location: 2F 3-2: Strikes out looking
|
Batting: RHB Dave Farr
|
0-0: SINGLE (Flyball, 7S)
|
Pitching: RHP Jack Carr
|
|
Batting: RHB Dave O'Day
|
0-0: Called Strike 0-1: Foul Ball, location: 2F 0-2: Foul Ball, location: 2F 0-2: Grounds into double play, 5-4-3 (Groundball, 56)
|
Bottom of the 8th over - 0 run(s), 1 hit(s), 0 error(s), 0 left on base; Detroit 5 - Hartford 0 |
TOP OF THE 9TH |
Detroit Renaissance batting - Pitching for Hartford Whalers : LHP Jason Hoskins
|
Batting: LHB Greg Robinson
|
0-0: Ball 1-0: Swinging Strike 1-1: Ball 2-1: Foul Ball, location: 2F 2-2: Strikes out swinging
|
Batting: RHB Eric D'Angle
|
0-0: SINGLE (Line Drive, 8LS)
|
Batting: RHB Kyle Bywaters
|
0-0: Ball Eric D'Angle steals 2nd base 1-0: Foul Ball, location: 2F 1-1: Called Strike 1-2: SINGLE (Line Drive, 89S) Eric D'Angle to third Runner from 3rd tries for Home, throw and OUT! Kyle Bywaters to second
|
Batting: RHB Bernardo Herrera
|
0-0: Ball 1-0: Ball 2-0: Ball 3-0: Called Strike 3-1: Base on Balls
|
Pitching: RHP Miguel González
|
|
Batting: LHB Gregory Johnson
|
0-0: Called Strike 0-1: Ball 1-1: Called Strike 1-2: Strikes out swinging
|
Top of the 9th over - 0 run(s), 2 hit(s), 0 error(s), 2 left on base; Detroit 5 - Hartford 0 |
BOTTOM OF THE 9TH |
Hartford Whalers batting - Pitching for Detroit Renaissance : RHP Jack Carr
|
Pitching: LHP José Guerrero
|
|
Batting: RHB Javier Díaz
|
0-0: Foul Ball, location: 2F 0-1: Ball 1-1: Foul Ball, location: 2F 1-2: Strikes out looking
|
Batting: RHB Joe Craig
|
0-0: Ball 1-0: Ball 2-0: Ground out 6-3 (Groundball, 56)
|
Batting: RHB Juan Tapia
|
0-0: Called Strike 0-1: Ball 1-1: Ball 2-1: Called Strike 2-2: SINGLE (Groundball, 6MD)
|
Batting: RHB Román Centena
|
0-0: Ball Passed Ball! Juan Tapia to second 1-0: Swinging Strike 1-1: Ball 2-1: Ball 3-1: Base on Balls
|
Batting: LHB Gerald Holloway
|
0-0: Fly out, F8 (Flyball, 8LS)
|
Bottom of the 9th over - 0 run(s), 1 hit(s), 0 error(s), 2 left on base; Detroit 5 - Hartford 0 |
|